 Dungeon Crawl Stone Soup version 0.29.1-1-gd02db6906a (webtiles) character file.

Game seed: 1049784321933594614

151 LustLizard the Trooper (level 5, -1/41 HPs)
             Began as a Demonspawn Fighter on Oct 5, 2022.
             Slain by a killer bee (4 damage)
             ... on level 4 of the Dungeon.
             The game lasted 00:04:01 (2819 turns).

LustLizard the Trooper (Demonspawn Fighter)         Turns: 2819, Time: 00:04:02

Health: -1/41      AC:  6    Str: 15    XL:     5   Next: 11%
Magic:  5/5        EV:  9    Int:  7    God:
Gold:   129        SH:  5    Dex: 18    Spells: 4/4 levels left

rFire   + + +      SeeInvis .   p - +3 spear of the Queen {freeze, *Corrode +Blink rF+++ Dex+4}
rCold   . . .      Faith    .   c - +0 buckler
rNeg    . . .      Spirit   .   b - +0 scale mail
rPois   .          Reflect  .   (no helmet)
rElec   .          Harm     .   (no cloak)
rCorr   .          Rampage  .   (no gloves)
Will    .....                   (no boots)
Stlth   ..........              (no amulet)
HPRegen 0.13/turn               (no ring)
MPRegen 0.09/turn               (no ring)

@: mighty, lethally poisoned (-1 -> -14)
A: demonic guardian 1, spiny 1, weakness stinger 1, dopey 1, weak 1
a: Evoke Blink


You were on level 4 of the Dungeon.
You visited 1 branch of the dungeon, and saw 4 of its levels.

You collected 129 gold pieces.

Inventory:

Hand Weapons
 a - a +0 long sword
 p - the +3 spear of the Queen (weapon) {freeze, *Corrode +Blink rF+++ Dex+4}
   (You found it on level 3 of the Dungeon)

   It freezes those it strikes, dealing additional cold damage.
   It can also slow down cold-blooded creatures.
   Dex:       It affects your dexterity (+4).
   rF:        It renders you almost immune to fire.
   +Blink:    It lets you blink.
   *Corrode:  It may corrode you when you take damage.
Missiles
 e - 16 poisoned darts (quivered)
 l - 6 javelins
Armour
 b - a +0 scale mail (worn)
 c - a +0 buckler (worn)
Scrolls
 f - 4 scrolls of teleportation
 g - 2 scrolls of fog {unknown}
 h - a scroll of magic mapping {unknown}
 k - a scroll of poison {unknown}
 n - a scroll of noise {unknown}
 o - a scroll of amnesia {unknown}
 s - a scroll of enchant weapon {unknown}
Potions
 j - 4 potions of degeneration
 m - a potion of cancellation
 r - a potion of ambrosia {unknown}


   Skills:
 + Level 3.6 Fighting
 * Level 3.1 Long Blades
 + Level 3.2 Armour
 + Level 1.5 Dodging
 + Level 3.2 Shields


You had 4 spell levels left.
You didn't know any spells.
Your spell library was empty.

Dungeon Overview and Level Annotations

Branches:
Dungeon (4/15)             Temple (0/1) D:4

Altars:
Fedhas
Hepliaklqana
Makhleb


Innate Abilities, Weirdness & Mutations

A weak demonic guardian rushes to your aid.
You are partially covered in sharp spines.
You have a small tail.
You are dopey. (Int -2)
You are weak. (Str -2)


Message History

Your white imp barely misses the killer bee.
You feel much better.
You feel very sick.
The killer bee stings your white imp but does no damage.
The killer bee stings your white imp.
Your white imp dies!
Your white imp disappears in a puff of smoke!
You reach to attack!
You completely miss the killer bee.
You feel very sick. The killer bee closely misses you.
You hit the killer bee. You freeze the killer bee.
The killer bee is heavily wounded.
You feel sick.
The killer bee is struck by your spines.
The killer bee barely misses you. The killer bee stings you. x2
You are more poisoned.
The killer bee poisons you!
You feel very mighty all of a sudden.
You feel very sick. The killer bee closely misses you.
The killer bee stings you!
You are more poisoned.
The killer bee poisons you!
You miss the killer bee.
The killer bee is almost dead.
* * * LOW HITPOINT WARNING * * *
You feel very sick.
The killer bee is struck by your spines.
You kill the killer bee!
The killer bee is struck by your spines.
The killer bee stings you but does no damage.
Your Long Blades skill increases to level 3!
You have reached level 5!
Your demonic ancestry asserts itself...
You grow a small tail.
It was a potion of mutation.
You feel extremely strange.
You feel stupid.
You feel weaker.
* * * LOW HITPOINT WARNING * * *
You feel very sick. The killer bee stings you.
You die...

#.# ########.##......#
#.# #......#.........#
#.###.####.#.##......#
#..)..# #.#....#.#####
##########.####.......#
#......)##.###+###
#.#......#.......#
#.########.......#
#.......y@.......#
#.###..########..# ##.
.# .y . ..⌠ .... ..>.y
#...y.


You could see a killer bee.

Vanquished Creatures
  A killer bee (D:4)
  3 adders
  A worm (D:3)
  3 dart slugs
  4 orcs (D:3)
  6 bats
  6 endoplasms
  2 giant cockroaches
  3 goblins
  14 hobgoblins
  A quokka (D:1)
  9 ball pythons
  2 frilled lizards
  5 kobolds
  2 rats
62 creatures vanquished.

Vanquished Creatures (collateral kills)
  A dart slug (D:1)
  A goblin (D:1)
2 creatures vanquished.

Grand Total: 64 creatures vanquished

Notes
Turn   | Place    | Note
-------+----------+-------------------------------------------
     0 | D:1      | LustLizard the Demonspawn Fighter began the quest for the
                  | Orb.
     0 | D:1      | Reached XP level 1. HP: 18/18 MP: 1/1
   115 | D:1      | Gained mutation: A weak demonic guardian rushes to your
                  | aid. [demonic ancestry]
   115 | D:1      | Reached XP level 2. HP: 17/24 MP: 2/2
   825 | D:1      | Gained mutation: You are partially covered in sharp spines.
                  | [demonic ancestry]
   825 | D:1      | Reached XP level 3. HP: 28/29 MP: 3/3
  1429 | D:2      | Reached skill level 1 in Dodging
  1833 | D:3      | Found a blossoming altar of Fedhas.
  1840 | D:3      | Found a hazy altar of Hepliaklqana.
  1851 | D:3      | Reached XP level 4. HP: 20/35 MP: 4/4
  2044 | D:3      | Identified the +3 spear of the Queen {freeze, *Corrode
                  | +Blink rF+++ Dex+4}
  2111 | D:3      | Found a burning altar of Makhleb.
  2170 | D:3      | Found a faded altar of an unknown god.
  2809 | D:4      | Found a staircase to the Ecumenical Temple.
  2819 | D:4      | Gained mutation: You have a small tail. [demonic ancestry]
  2819 | D:4      | Reached XP level 5. HP: 7/41 MP: 5/5
  2819 | D:4      | Gained mutation: You are dopey. (Int -2) [potion of
                  | mutation]
  2819 | D:4      | Gained mutation: You are weak. (Str -2) [potion of
                  | mutation]
  2819 | D:4      | Slain by a killer bee

Illustrated notes

Levels and vault maps discovered:
D:1:      giann_forest_graveyard, layout_basic
D:2:      layout_loops_ring, grunt_ministairs_4, glass_columns_a,
          kennysheep_generic_room_11
D:3:      layout_basic, nicolae_overflow_crystal_walls, elyvilon_altar_3,
          zin_academy, mainiacjoe_overflow_catwalk_spiral,
          nicolae_ecumenical_lake_church, serial_rivers,
          chequers_serial_rivers_large_b, chequers_serial_rivers_micro_e,
          chequers_serial_rivers_marsh, chequers_serial_rivers_small_a,
          minivault_24
D:4:      layout_basic, grunt_gozag_statues,
          minmay_temple_entry_drinking_statues

Skill      XL: |  1  2  3  4 |
---------------+-------------+-----
Long Blades    | 2 3 |  3.1
Armour         | 3 |  3.2
Dodging        | 1 |  1.5
Shields        | 3 |  3.2
Fighting       | |  3.6

Action                   |  1- 3 |  4- 6 || total
-------------------------+-------+-------++-------
Melee: Long sword        |    99 |     5 ||   104
       Spear             |       |    32 ||    32
  Use: Scroll            |     3 |     1 ||     4
       Potion            |       |     3 ||     3
Armor: Scale mail        |    37 |     4 ||    41
Dodge: Dodged            |    38 |    12 ||    50
Block: Buckler           |    29 |     2 ||    31
